 Dungeon Crawl Stone Soup version 0.30-a0-782-ge64f9170bb (webtiles) character file.

Game seed: 412012475999989188

50404 theswoord the Severer (level 14, -2/128 HPs)
             Began as a Demonspawn Cinder Acolyte on Mar 16, 2023.
             Was an Initiate of Ignis.
             Slain by an azure jelly (3 damage)
             ... on level 2 of the Pits of Slime.
             The game lasted 00:23:23 (13234 turns).

theswoord the Severer (Demonspawn Cinder Acolyte)  Turns: 13234, Time: 00:23:23

Health: -2/128     AC: 37    Str: 20    XL:     14   Next: 19%
Magic:  15/15      EV:  8    Int: 11    God:    Ignis [......]
Gold:   932        SH:  0    Dex:  8    Spells: 15/15 levels left

rFire   + + +      SeeInvis +    E - +4 battleaxe (protect)
rCold   . . .      Faith    .    (shield currently unavailable)
rNeg    . . .      Spirit   .    h - +5 chain mail {rF+}
rPois   +          Reflect  .    f - +1 hat
rElec   .          Harm     .    l - +2 cloak {rPois}
rCorr   .          Rampage  +    j - +0 pair of gloves
Will    +....      NoCast   +    z - +2 pair of boots {rampage} Stlth
                                 C - amulet "Gujak" {-Cast rF+++ Regen+ Int-5 SInv}
HPRegen 1.21/turn                g - +4 ring of slaying
MPRegen 0.14/turn                J - +4 ring of slaying

@: under a protective aura, hasted, studying Axes, very quick
A: rugged brown scales 3, spiny 1, demonic magic 2, weakness stinger 1
a: Renounce Religion, Rising Flame


You were on level 2 of the Pits of Slime.
You worshipped Ignis.
Ignis was noncommittal.
You visited 4 branches of the dungeon, and saw 17 of its levels.
You also visited: Gauntlet.

You collected 1602 gold pieces.
You spent 670 gold pieces at shops.

Inventory:

Hand Weapons
 E - a +4 battleaxe of protection (weapon)
 F - a +2 scimitar of flaming
Armour
 f - a +1 hat (worn)
 h - a +5 chain mail of fire resistance (worn)
 j - a +0 pair of gloves (worn)
 l - a +2 cloak of poison resistance (worn)
 z - a +2 pair of boots of rampaging (worn)
Jewellery
 g - a +4 ring of slaying (left hand)
 t - a ring of see invisible
 v - a ring of protection from cold
 C - the amulet "Gujak" (around neck) {-Cast rF+++ Regen+ Int-5 SInv}
   (You acquired it on level 8 of the Dungeon)

   [amulet of regeneration]

   Int:       It affects your intelligence (-5).
   rF:        It renders you almost immune to fire.
   SInv:      It lets you see invisible.
   -Cast:     It prevents spellcasting.
   Regen:     It increases your rate of health regeneration.
 I - an amulet of magic regeneration
 J - a +4 ring of slaying (right hand)
Wands
 b - a wand of roots (4)
 x - a wand of light (19)
 L - a wand of charming (8)
Scrolls
 a - a scroll of fear
 d - a scroll of magic mapping
 u - 3 scrolls of enchant armour
 y - a scroll of blinking
 B - a scroll of teleportation
 D - a scroll of fog
 H - 2 scrolls of vulnerability
 K - a scroll of immolation
 P - 2 scrolls of amnesia
Potions
 c - 2 potions of mutation
 e - 5 potions of lignification
 i - a potion of haste
 k - 9 potions of curing
 m - 2 potions of attraction
 o - a potion of brilliance {unknown}
 q - 2 potions of ambrosia
 r - 2 potions of flight
 s - a potion of resistance {unknown}
 A - a potion of might
 G - a potion of invisibility {unknown}
 N - 2 potions of degeneration {unknown}
Miscellaneous
 M - a lightning rod (4/4)


   Skills:
 + Level 14.1 Fighting
 * Level 15.8 Axes
 + Level 12.7 Armour
 - Level 1.0 Spellcasting
 - Level 2.6 Fire Magic


You had 15 spell levels left.
You didn't know any spells.
Your spell library contained the following spells:

 Spells                   Type           Power      Damage    Failure   Level
 Scorch                   Fire           12%        2d6       69%         2


Dungeon Overview and Level Annotations

Branches:
Dungeon (9/15)             Temple (1/1) D:5            Lair (5/5) D:8
 Shoals (0/4) Lair:2        Snake (0/4) Lair:3        Slime (2/5) Lair:5
Gauntlet (visited)
    Orc: D:9-12

Altars:
Ashenzari
Cheibriados
Fedhas
Gozag
Hepliaklqana
Kikubaaqudgha
Nemelex Xobeh
Okawaru
Qazlal
Ru
Sif Muna
Trog
Uskayaw
Vehumet
Wu Jian
Xom
Yredelemnul

Shops:
D:1 [   D:8 =   D:9 *


Innate Abilities, Weirdness & Mutations

You are completely covered in rugged brown scales. (AC +3, +7% HP)
You are partially covered in sharp spines.
Spells you cast may paralyse nearby enemies.
You have a small tail.


Message History

The slime creature is struck by your spines.
The slime creature hits you but does no damage. x2
You slice the slime creature!! x2
The slime creature hits you but does no damage. x2
You slice the slime creature!!
You kill the slime creature!
You slash the slime creature!
You kill the slime creature!
No target in view!
An azure jelly comes into view.
The azure jelly quivers.
There is a stone staircase leading down here.
Throw: throwing net
Aim: an azure jelly (71% to hit)
You throw a throwing net.
The throwing net barely misses the azure jelly.
You feel yourself speed up.
You slash the azure jelly!
Your weapon exudes an aura of protection.
You tail-slap the azure jelly! The azure jelly hits you.
The azure jelly freezes you!!
The azure jelly hits you but does no damage.
The azure jelly closely misses you.
The azure jelly hits you but does no damage.
You barely miss the azure jelly.
The azure jelly hits you but does no damage.
The azure jelly barely misses you.
The azure jelly hits you but does no damage. x2
You closely miss the azure jelly. You slice the azure jelly!!
Your tail-slap misses the azure jelly.
The azure jelly hits you. The azure jelly freezes you!!!
* * * LOW HITPOINT WARNING * * *
The azure jelly hits you.
* * * LOW HITPOINT WARNING * * *
The azure jelly freezes you!!!
* * * LOW HITPOINT WARNING * * *
The azure jelly hits you but does no damage. x2
You slice the azure jelly!!
Your tail-slap misses the azure jelly.
The azure jelly hits you.
You die...

...J............#
.....#.........# ##
....#.........#####..
..........#......#...
...(..............#...#
......................#
......................#
.....................#
.........J@..........##
.#....................#
#.......#............##
...............<......#
..........<.........##
.#...##........#####
##.# ###..##.## ##
#######


You could see an azure jelly.

Vanquished Creatures
  2 acid blobs (Slime:1)
  A quicksilver ooze (Slime:1)
  A dire elephant (Lair:5)
  A minotaur (Gauntlet)
  5 hydras
  2 catoblepae (Lair:5)
  Erica (D:8)
  9 death yaks (Lair:5)
  A deep troll shaman (Lair:5)
  3 skysharks
  Pikel (D:6)
  2 lindwurms
  A shining eye (Slime:1)
  7 elephants (Lair:5)
  2 black mambas
  13 cane toads
  5 komodo dragons
  2 rime drakes
  A troll (D:9)
  3 polar bears
  A hornet (D:9)
  Grinder (D:4)
  29 blink frogs
  12 dream sheep (Lair:5)
  4 shadows
  6 slime creatures
  5 wyverns
  36 yaks
  3 golden eyes (Slime:1)
  A steam dragon (D:9)
  Menkaure (D:5)
  3 nagas (Lair:3)
  14 water moccasins
  2 orc warriors
  2 sky beasts
  3 ice beasts
  4 black bears
  An ogre (D:5)
  5 centaurs
  A lemure (D:6)
  10 wolves (Lair:5)
  2 phantoms (D:6)
  4 kobold brigands
  14 bullfrogs
  A necrophage (D:8)
  4 scorpions
  3 gnoll sergeants
  10 killer bees
  An electric eel (Lair:1)
  A hound (D:5)
  3 orc priests
  2 jellies (D:6)
  3 iguanas
  4 orc wizards
  15 gnolls
  6 adders
  A shadow imp (D:7)
  2 worms
  2 dart slugs
  19 orcs
  4 bats
  4 endoplasms
  5 giant cockroaches
  4 goblins
  8 hobgoblins
  2 jackals (D:3)
  29 kobolds
  3 ball pythons
  4 frilled lizards
  8 rats
  2 butterflies (Lair:4)
377 creatures vanquished.

Vanquished Creatures (others)
  137 foxfires
  52 fungi
  73 plants
  25 withered plants (Gauntlet)
287 creatures vanquished.

Grand Total: 664 creatures vanquished

Notes
Turn   | Place    | Note
-------+----------+-------------------------------------------
     0 | D:1      | theswoord the Demonspawn Cinder Acolyte began the quest for
                  | the Orb.
     0 | D:1      | Reached XP level 1. HP: 18/18 MP: 2/2
   184 | D:1      | Reached skill level 3 in Axes
   232 | D:1      | Gained mutation: You are partially covered in rugged brown
                  | scales. (AC +1, +3% HP) [demonic ancestry]
   232 | D:1      | Reached XP level 2. HP: 11/24 MP: 3/3
   552 | D:1      | Found Reogg's Armour Shop.
   808 | D:1      | Identified a scroll of acquirement
   808 | D:1      | Acquired 658 gold pieces
   843 | D:1      | Bought a +1 hat for 121 gold pieces
   843 | D:1      | Bought a +4 chain mail of fire resistance for 346 gold
                  | pieces
   843 | D:1      | Bought a +2 cloak of poison resistance for 203 gold pieces
  1381 | D:2      | Reached XP level 3. HP: 29/29 MP: 4/4
  1962 | D:3      | Noticed a scorpion
  1971 | D:3      | Reached skill level 4 in Axes
  1975 | D:3      | Killed a scorpion
  1976 | D:3      | Gained mutation: You are mostly covered in rugged brown
                  | scales. (AC +2, +5% HP) [demonic ancestry]
  1976 | D:3      | Reached XP level 4. HP: 22/36 MP: 5/5
  2088 | D:3      | Reached skill level 5 in Axes
  2220 | D:3      | Gained mutation: Spells you cast may paralyse adjacent
                  | enemies. [demonic ancestry]
  2220 | D:3      | Reached XP level 5. HP: 41/43 MP: 6/6
  2511 | D:3      | Found a blossoming altar of Fedhas.
  2590 | D:4      | Noticed Grinder
  2599 | D:4      | Killed Grinder
  2600 | D:4      | Reached skill level 6 in Axes
  2600 | D:4      | Reached XP level 6. HP: 24/49 MP: 7/7
  3055 | D:4      | Found a hazy altar of Hepliaklqana.
  3126 | D:5      | Entered Level 5 of the Dungeon
  3192 | D:5      | Noticed Menkaure
  3200 | D:5      | Reached skill level 7 in Axes
  3200 | D:5      | Killed Menkaure
  3201 | D:5      | Gained mutation: You have a small tail. [demonic ancestry]
  3201 | D:5      | Reached XP level 7. HP: 40/54 MP: 8/8
  3367 | D:5      | Reached skill level 8 in Axes
  3516 | D:5      | Found a staircase to the Ecumenical Temple.
  3692 | Temple   | Entered the Ecumenical Temple
  3774 | D:6      | Reached skill level 9 in Axes
  3774 | D:6      | Reached XP level 8. HP: 53/60 MP: 9/9
  4177 | D:6      | Noticed Pikel
  4215 | D:6      | Killed Pikel
  4216 | D:6      | Reached skill level 10 in Axes
  4928 | D:7      | Reached skill level 11 in Axes
  4944 | D:7      | Gained mutation: You are completely covered in rugged brown
                  | scales. (AC +3, +7% HP) [demonic ancestry]
  4944 | D:7      | Reached XP level 9. HP: 49/67 MP: 10/10
  5113 | D:7      | Reached skill level 12 in Axes
  5333 | D:7      | Found an ornate altar of the Wu Jian Council.
  5337 | D:7      | Found a hide-covered altar of Uskayaw.
  5338 | D:7      | Found a sacrificial altar of Ru.
  5338 | D:7      | Found a radiant altar of Vehumet.
  5339 | D:7      | Found an opulent altar of Gozag.
  5340 | D:7      | Found a broken altar of Ashenzari.
  5342 | D:7      | Found a stormy altar of Qazlal.
  5452 | D:7      | Reached skill level 1 in Armour
  5775 | D:7      | Found a shimmering blue altar of Sif Muna.
  5874 | D:8      | Acquired the amulet "Gujak" {-Cast rF+++ Regen+ Int-5 SInv}
  5984 | D:8      | Found a staircase to the Lair.
  6039 | D:8      | Reached XP level 10. HP: 78/78 MP: 11/11
  6067 | D:8      | Reached skill level 5 in Fighting
  6327 | D:8      | Noticed Erica
  6341 | D:8      | Killed Erica
  6762 | D:8      | Found Irghog Narica's Jewellery Boutique.
  6932 | D:9      | Reached skill level 13 in Axes
  6997 | D:9      | Reached skill level 5 in Armour
  7198 | D:9      | Found Zin's Purification Station.
  7487 | Lair:1   | Entered Level 1 of the Lair of Beasts
  7556 | Lair:1   | Noticed a black mamba
  7563 | Lair:1   | Killed a black mamba
  7564 | Lair:1   | Gained mutation: Spells you cast may paralyse nearby
                  | enemies. [demonic ancestry]
  7564 | Lair:1   | Reached XP level 11. HP: 18/89 MP: 12/12
  8410 | Lair:2   | Found a gate leading to a gauntlet.
  8417 | Gauntlet | Entered a Gauntlet
  8417 | Gauntlet | Found a transporter.
  8417 | Gauntlet | Found a transporter.
  8418 | Gauntlet | Found a transporter.
  8421 | Gauntlet | Found a transporter.
  8421 | Gauntlet | Found a transporter.
  8431 | Gauntlet | Found a transporter.
  8431 | Gauntlet | Found a transporter.
  8446 | Gauntlet | Found a transporter.
  8453 | Gauntlet | Found a transporter.
  8471 | Gauntlet | Found a transporter.
  8479 | Gauntlet | Found a transporter.
  8497 | Gauntlet | Found a transporter.
  8547 | Gauntlet | Noticed a catoblepas
  8671 | Gauntlet | Acquired a +2 pair of boots of rampaging
  8707 | Gauntlet | Identified the amulet of Fuexzew {RegenMP Regen+ Int+6
                  | SInv}
  8743 | Gauntlet | Identified the +2 great mace of Income {distort, rElec
                  | Stlth+}
  8743 | Gauntlet | Noticed a minotaur
  8755 | Gauntlet | Killed a minotaur
  8760 | Gauntlet | Identified the +3 ring mail "Loaqatz" {rC+}
  8914 | Lair:2   | Reached skill level 14 in Axes
  9045 | Lair:2   | Noticed a lindwurm
  9047 | Lair:2   | Noticed a skyshark
  9056 | Lair:2   | Killed a skyshark
  9057 | Lair:2   | Killed a lindwurm
  9173 | Lair:2   | Noticed a six-headed hydra
  9183 | Lair:2   | Killed a one-headed hydra
  9253 | Lair:2   | Found a staircase to the Shoals.
  9260 | Lair:2   | Gained mutation: You are partially covered in sharp spines.
                  | [demonic ancestry]
  9260 | Lair:2   | Reached XP level 12. HP: 103/103 MP: 13/13
  9778 | Lair:3   | Found a staircase to the Snake Pit.
  9819 | Lair:3   | Reached skill level 10 in Fighting
 10178 | Lair:3   | Noticed a four-headed hydra
 10188 | Lair:3   | Killed a one-headed hydra
 10246 | Lair:3   | Noticed a four-headed hydra
 10256 | Lair:3   | Killed a three-headed hydra
 10720 | Lair:4   | Reached skill level 10 in Armour
 11360 | Lair:4   | Identified the +1 leather armour of Hedge Wizardry {rC- rN+
                  | Str+4 SInv}
 11486 | Lair:5   | Entered Level 5 of the Lair of Beasts
 11486 | Lair:5   | Found a staircase to the Slime Pits.
 11509 | Slime:1  | Entered Level 1 of the Pits of Slime
 11509 | Slime:1  | Noticed a quicksilver ooze
 11518 | Slime:1  | Killed a quicksilver ooze
 11520 | Slime:1  | Reached XP level 13. HP: 114/115 MP: 14/14
 11527 | Slime:1  | Noticed an acid blob
 11553 | Slime:1  | Killed an acid blob
 11623 | Slime:1  | Noticed an acid blob
 12303 | Lair:5   | Reached skill level 15 in Axes
 12318 | Lair:5   | Reached XP level 14. HP: 72/127 MP: 15/15
 12545 | Lair:5   | Identified the +3 sling of Anka {freeze, Will++}
 13113 | Slime:1  | Killed an acid blob
 13217 | Slime:2  | Noticed an azure jelly
 13233 | Slime:2  | HP: 1/128 [azure jelly (40)]
 13234 | Slime:2  | Slain by an azure jelly

Skill      XL: |  1  2  3  4  5  6  7  8  9 10 11 12 13 14 |
---------------+-------------------------------------------+-----
Axes           | 3 4 5 6 7 9 11 12 13 14 15 | 15.8
Armour         | 3 5 8 10 12 | 12.7
Fighting       | 4 7 9 12 13 14 | 14.1
Spellcasting   | |  1.0
Fire Magic     | |  2.6

Action                     |  1- 3 |  4- 6 |  7- 9 | 10-12 | 13-15 || total
---------------------------+-------+-------+-------+-------+-------++-------
  Melee: Hand axe          |   125 |    60 |   281 |    50 |       ||   516
         Tailslap          |       |       |    47 |    80 |    43 ||   170
         Punch             |       |       |     9 |     5 |       ||    14
         Battleaxe         |       |       |       |   401 |   234 ||   635
         Scimitar          |       |       |       |    19 |    12 ||    31
  Throw: Throwing net      |       |       |       |       |     3 ||     3
 Invoke: Foxfire Swarm     |       |     2 |     2 |     2 |     1 ||     7
         Fiery Armour      |       |       |     2 |     2 |       ||     4
    Use: Scroll            |     6 |     4 |     7 |    13 |     5 ||    35
         Potion            |       |       |       |     2 |     5 ||     7
   Stab: Petrified         |       |       |       |       |     5 ||     5
 Armour: Robe              |    17 |       |       |       |       ||    17
         Chain mail        |    52 |    46 |   234 |   464 |   296 ||  1092
  Dodge: Dodged            |    52 |     5 |   111 |   206 |   101 ||   475

Levels and vault maps discovered:
D:1:      roderic_chinese_lattice_arrival, layout_loops_ring, serial_shops,
          nicolae_shop_statue_plus
D:2:      layout_loops_corners, chequers_serial_rivers_large_a, minivault_25,
          grunt_ministairs_12, nicolae_figureground_sparkle
D:3:      layout_loops_ring, fedhas_altar_3
D:4:      layout_cave_pools, old_standard_altar, uniq_grinder
D:5:      layout_cave_pools, minmay_temple_entry_offerings, uniq_menkaure
D:6:      layout_layer_cave, uniq_pikel
D:7:      layout_rooms, lemuel_doored_altar, minitemple
D:8:      layout_basic, due_lair_maze_entry_diamond, serial_shops, shop,
          grunt_ministairs_9, hex_tiny, serial_bayou_pond_e,
          amcnicky_mini_rare_corridor_liquid, uniq_erica
D:9:      layout_basic, zin_purify
Temple:   nicolae_temple_ecumenical_triangle
Lair:1:   layout_loops_ring, grunt_megastairs_1, serial_bayou_shore_a
Lair:2:   layout_cellular_growth, minmay_shoals_entry_centaurs,
          gauntlet_entry_generic, uniq_urug
Lair:3:   layout_gridlike, guppyfry_snake_entry_island,
          chequers_serial_rivers_micro_e, chequers_serial_rivers_small_b
Lair:4:   layout_regular_city, grunt_megastairs_2, lemuel_fruit_fields
Lair:5:   grunt_lair_end_beastmaster, layout_regular_city, slime_entry_1,
          serial_bayou_shore_b
Slime:1:  layout_caves
Slime:2:  layout_caves, cheibrodos_slime_lost_civilization_4
